 Dungeon Crawl Stone Soup version 0.30-a0-4-ga7cffc901d (webtiles) character file.

Game seed: 3976427213395815872

4 Spectrina the Magician (level 1, 0/15 HPs)
             Began as a Djinni Venom Mage on Aug 21, 2022.
             Slain by a kobold
             ... wielding a +0 club
              (3 damage)
             ... on level 1 of the Dungeon.
             The game lasted 00:00:23 (32 turns).

Spectrina the Magician (Djinni Venom Mage)            Turns: 32, Time: 00:00:24

Health: 0/15       AC:  2    Str:  7    XL:     1   Next: 77%
Gold:   0          EV: 12    Int: 16    God:
                   SH:  0    Dex: 13

rFire   + + .      SeeInvis .    (no weapon)
rCold   x . .      Faith    .    (no shield)
rNeg    . . .      Spirit   .    a - +0 robe
rPois   ∞          Reflect  .    (no helmet)
rElec   .          Harm     .    (no cloak)
rCorr   .          Rampage  .    (no gloves)
Will    .....                    (boots unavailable)
Stlth   ++........               (no amulet)
HPRegen 0.05/turn                (no ring)
MPRegen 0.00/turn                (no ring)

@: flying, very slightly contaminated
A: sickness immunity, fire resistance 2, cold vulnerability 1, float, innate
caster, HP casting, extra vitality 1
a: no special abilities


You were on level 1 of the Dungeon.
You visited 1 branch of the dungeon, and saw 1 of its levels.

Inventory:

Armour
 a - a +0 robe (worn)


   Skills:
 + Level 0.2 Fighting
 + Level 2.2 Dodging
 + Level 1.6 Stealth
 * Level 2.5 Spellcasting
 + Level 0.3 Invocations


You couldn't memorise any spells.
You knew the following spells:

 Your Spells              Type           Power      Damage    Failure   Level
a - Sting                 Tmut/Pois      40%        1d5       7%          1
b - Poisonous Vapours     Pois/Air       20%        N/A       11%         2
c - Mephitic Cloud        Conj/Pois/Air  10%        N/A       22%         3
d - Olgreb's Toxic Radia  Pois           10%        N/A       56%         4
Your spell library was empty.

Dungeon Overview and Level Annotations

Branches:
Dungeon (1/15)

Altars:


Innate Abilities, Weirdness & Mutations

You are immune to sickness and miasma.
You are immune to poison.
Your flesh is very heat resistant. (rF++)
You are vulnerable to cold. (rC-)
You float through the air rather than walking.
You learn spells naturally, not from books.
Your magical power is your life essence.
You have superior vitality. (+4 MHP)


Message History

You miscast Sting.
Nothing appears to happen.
The bat closely misses you. The bat barely misses you.
Unknown command.
The bat attacks as you move away! The bat barely misses you.
The bat misses you.
Casting: Sting (safe; 8% risk of failure)
Confirm with . or Enter, or press ? or * to list all spells.
Aiming: Sting (safe; 8% risk of failure)
Press: ? - help, Shift-Dir - straight line, f/p - bat
Aim: a bat (52% to hit)
The sting hits the bat.
The bat is poisoned.
The bat is moderately wounded.
The bat misses you. The bat barely misses you.
Casting: Sting (safe; 8% risk of failure)
Confirm with . or Enter, or press ? or * to list all spells.
Aiming: Sting (safe; 8% risk of failure)
Press: ? - help, Shift-Dir - straight line, f - kobold, p - bat
Aim: a kobold, wielding a +0 club and quivering stones (60% to hit)
You miscast Sting.
Nothing appears to happen.
The bat hits you.
Casting: Sting (safe; 8% risk of failure)
Confirm with . or Enter, or press ? or * to list all spells.
Aiming: Sting (safe; 8% risk of failure)
Press: ? - help, Shift-Dir - straight line, f - kobold, p - kobold
Aim: a kobold, wielding a +0 dagger (60% to hit)
The sting misses the kobold.
The sting hits the kobold.
The kobold is poisoned.
The kobold is moderately wounded.
* * * LOW HITPOINT WARNING * * *
You kill the kobold!
You feel a bit more experienced. The kobold barely misses you.
Unknown command.
Casting: Sting (safe; 7% risk of failure)
Confirm with . or Enter, or press ? or * to list all spells.
Aiming: Sting (safe; 7% risk of failure)
Press: ? - help, Shift-Dir - straight line, f - kobold
Aim: a kobold, wielding a +0 club and quivering stones (64% to hit)
The sting hits the kobold.
The kobold is poisoned.
The kobold is severely wounded.
* * * LOW HITPOINT WARNING * * *
The kobold hits you with a +0 club.
You die...

#### ########## ##
...# ##...#..#<# ..
...#..##..##..# #.
#..#.#..#..### #.
#..##.#.##..#
#..#)K#.#...##.#
#†..#@.###.#.##
#...#.K#.#.###..##
#......##.##..###.#
.. ##.. .##.#...#)#
#...# ######..#
[(#. #### ....
...##


You could see a kobold (poisoned).

Vanquished Creatures
  2 bats (D:1)
  A goblin (D:1)
  A kobold (D:1)
4 creatures vanquished.

Notes
Turn   | Place    | Note
-------+----------+-------------------------------------------
     0 | D:1      | Spectrina the Djinni Venom Mage began the quest for the
                  | Orb.
     0 | D:1      | Spectrina set off with the following spells memorised:
                  | Sting, Poisonous Vapours, Mephitic Cloud, Olgreb's Toxic
                  | Radiance.
     0 | D:1      | Reached XP level 1. HP: 15/15 MP: 0/0
    32 | D:1      | Slain by a kobold

Illustrated notes

Levels and vault maps discovered:
D:1:      erik_arrival_cave_to_civilisation [erik_arrival_cave_to_hall],
          layout_basic, minmay_close_crescents

Action                   || total
-------------------------++-------
 Cast: Sting             ||     7
Armor: Robe              ||     3
Dodge: Dodged            ||     8

Table legend: (Time is in decaauts)
 A = Elapsed time spent in this place.
 B = Non-inter-level travel time spent in this place.
 C = Inter-level travel time spent in this place.
 D = Time resting spent in this place.
 E = Time spent auto-exploring this place.
 F = Levels seen in this place.
 G = Mean time per level.
                   A        B        C        D        E       F      G
               +--------+--------+--------+--------+--------+-----+--------+
         Total |     32 |     32 |      0 |      0 |      0 |   1 |   32.0 |
       Dungeon |     32 |     32 |      0 |      0 |      0 |   1 |   32.0 |
               +--------+--------+--------+--------+--------+-----+--------+

Top non-repeatable levels by time:
     D:1: 32 daAuts
